 Dungeon Crawl Stone Soup version 0.25-a0-1133-g93ebf739aa (webtiles) character file.

Game seed: 3195986834920063454, levelgen mode: deterministic

88 vonabol the Skirmisher (level 4, 0/34 HPs)
             Began as an Octopode Chaos Knight on May 22, 2020.
             Was a Plaything of Xom.
             Slain by an orc wizard
             ... wielding a +0 dagger
              (2 damage)
             ... on level 2 of the Dungeon.
             The game lasted 00:01:10 (1885 turns).

vonabol the Skirmisher (Octopode Chaos Knight)      Turns: 1885, Time: 00:01:11

Health: 0/34       AC:  1    Str:  9 (12) XL:     4   Next: 53%
Magic:  4/4        EV: 14    Int: 13 (14) God:    Xom [...*..]
Gold:   131        SH:  0    Dex: 10 (11) Spells: 3/3 levels left

rFire    . . .     SeeInvis .   a - +0 spear (chaos)
rCold    . . .     Gourm    .   (no shield)
rNeg     . . .     Faith    .   (helmet restricted)
rPois    .         Spirit   .   (no amulet)
rElec    .         Reflect  .   (no ring)
rCorr    .         Harm     .   (no ring)
MR       .....                  (no ring)
Stlth    ++........             (no ring)
HPRegen  0.11/turn              (no ring)
MPRegen  0.09/turn              (no ring)
                                (no ring)
                                (no ring)

@: no status effects
A: almost no armour, stealthy swim, amphibious, 8 rings, constrict 8, camouflage
1, gelatinous body 1
a: Renounce Religion


You were on level 2 of the Dungeon.
You worshipped Xom.
You were a favourite toy of Xom.
You were not hungry.

You visited 1 branch of the dungeon, and saw 2 of its levels.

You collected 131 gold pieces.

Inventory:

Hand Weapons
 a - a +0 spear of chaos (weapon)
Jewellery
 g - an uncursed ring of flight {unknown}
Scrolls
 d - 3 scrolls of teleportation {unknown}
 e - a scroll of remove curse {unknown}
 l - a scroll of immolation {unknown}
 m - a scroll of amnesia {unknown}
Potions
 h - a potion of curing {unknown}
 i - a potion of might {unknown}
 j - a potion of haste {unknown}
 k - a potion of lignification {unknown}
Comestibles
 b - 2 rations
 n - a chunk of flesh


   Skills:
 * Level 4.5 Fighting
 - Level 3.0 Polearms
 + Level 3.3 Dodging


You had 3 spell levels left.
You didn't know any spells.
Your spell library was empty.

Dungeon Overview and Level Annotations

Branches:
Dungeon (2/15)

Altars:
Ashenzari


Innate Abilities, Weirdness & Mutations

You cannot wear most types of armour.
You are very stealthy in the water. (Stealth+)
You are amphibious.
You can wear up to eight rings at the same time.
You can use your tentacles to constrict eight enemies at once.
Your skin changes colour to match your surroundings (Stealth+).
Your rubbery body absorbs attacks. (AC +1, EV +1)


Message History

"Get over here!"
A rat comes into view.
A puff of frost appears from out of thin air!
The puff of frost hits you!
* * * LOW HITPOINT WARNING * * *
You hit the orc but do no damage. Your grab misses the orc. The orc misses you.
You hit the orc. Your grab misses the orc.
You squeeze the orc, but do no damage. The orc closely misses you.
A hobgoblin comes into view. It is wielding a +0 club.
You hit the orc but do no damage.
The orc is poisoned.
Your grab misses the orc. The orc hits you.
* * * LOW HITPOINT WARNING * * *
Something hits you.
* * * LOW HITPOINT WARNING * * *
The rat twitches its whiskers.
You closely miss the orc. Your grab misses the orc. Something hits you.
* * * LOW HITPOINT WARNING * * *
The orc misses you. Something hits you.
You die... "Huh?
Did I miss anything?"

######.#.############
..>...............###
#####...................
..............#######.##
............#########.##
............+ ..........
............##########.#
.......{o...............
....r..@g...............
#########...............
..............).
8.....$.........# ∆
.o...............#
oo................# ∆
...................#
8...8..##############
#########


You could see an orc (poisoned), a hobgoblin and a rat.

Vanquished Creatures
  An orc priest (D:2)
  Terence (D:2)
  A dart slug (D:1)
  2 leopard geckos (D:1)
  2 orcs (D:2)
  A giant cockroach (D:2)
  4 goblins
  3 hobgoblins (D:1)
  2 jackals (D:1)
  4 kobolds (D:1)
  A ball python (D:1)
  4 bats (D:1)
  2 frilled lizards (D:1)
  A rat (D:1)
29 creatures vanquished.

Notes
Turn   | Place    | Note
-------+----------+-------------------------------------------
     0 | D:1      | vonabol the Octopode Chaos Knight began the quest for the
                  | Orb.
     0 | D:1      | Reached XP level 1. HP: 16/16 MP: 1/1
    52 | D:1      | XOM: potion effect (stabbing)
   200 | D:1      | Reached XP level 2. HP: 21/21 MP: 2/2
   560 | D:1      | Reached XP level 3. HP: 27/27 MP: 3/3
   956 | D:2      | XOM: divination: detect items
   988 | D:2      | XOM: silly message
   996 | D:2      | Noticed Terence
  1005 | D:2      | Killed Terence
  1005 | D:2      | Reached skill level 4 in Fighting
  1087 | D:2      | XOM: divination: detect creatures
  1118 | D:2      | XOM: silly message
  1128 | D:2      | XOM: silly message
  1209 | D:2      | Found a shattered altar of Ashenzari.
  1272 | D:2      | XOM: divination: magic mapping
  1868 | D:2      | XOM: noise
  1875 | D:2      | Reached XP level 4. HP: 33/33 MP: 4/4
  1881 | D:2      | XOM: blink monster(s)
  1885 | D:2      | Slain by an orc wizard

Illustrated notes

Levels and vault maps discovered:
D:1:      dpeg_arrival_chambers_temple_mockup, layout_loops_ring, minmay_cupped
D:2:      cheibrodos_pilgrimage, layout_basic, nicolae_ashenzari_panopticon,
          minmay_hexomino_f4, uniq_terence

Skill      XL: |  1  2  3 |
---------------+----------+-----
Fighting       | 4 |  4.5
Dodging        | 3 |  3.3
Polearms       | |  3.0

Action                   |  1- 3 |  4- 6 || total
-------------------------+-------+-------++-------
Melee: Spear             |    78 |    10 ||    88
       Constrict         |    20 |     1 ||    21
       Tentacles         |    17 |     2 ||    19
  Use: Potion            |     2 |       ||     2
 Stab: Sleeping          |     5 |       ||     5
  Eat: Ration            |     1 |       ||     1
Armor: Skin              |     4 |       ||     4
Dodge: Dodged            |    41 |     8 ||    49

Table legend:
 A = Non-vault XP
 B = Vault XP
 C = Vault XP percentage of total XP
 D = Non-vault monster count
 E = Vault monster count
 F = Vault count percentage of total count
                 A         B        C        D         E       F
            +---------+---------+-------+---------+---------+-------
      Total |      41 |      85 |  67.5 |      23 |       6 |  20.7
            +---------+---------+-------+---------+---------+-------
        D:1 |      37 |       3 |   7.5 |      21 |       2 |   8.7
        D:2 |       4 |      82 |  95.3 |       2 |       4 |  66.7
            +---------+---------+-------+---------+---------+-------
